Map: Abandoned Parish

Players

Grumm - Winner!

  • Race: Protoss Protoss
  • League: Gold
  • Spawn Location: 6:00

Lenbot - Winner!

  • Race: Protoss Protoss
  • Spawn Location: 3:00

TheJamaican - Winner!

  • Race: Terran Terran
  • Spawn Location: 6:00

nibalizer - Winner!

  • Race: Terran Terran
  • Spawn Location: 7:00

Botanic

  • Race: Protoss Protoss
  • League: Silver
  • Spawn Location: 9:00

KIDboy

  • Race: Zerg Zerg
  • Spawn Location: 12:00

vinny

  • Race: Terran Terran
  • Spawn Location: 12:00

Musa

  • Race: Terran Terran
  • Spawn Location: 3:00

VOD

Have the link to the VOD?

Description

Time

  • Played on: Jan. 19, 2016, 11:29 p.m.
  • Length: 5:57
Show
View Real Time Build Order
Export as new Build Order

Grumm Protoss - Winner!

Build Orders: Dark Templar Rush 

Get SALT Encoding   

  12  0:01  Probe (Chrono Boost)  
  13  0:12  Probe (Chrono Boost)  
  14  0:24  Pylon  
  14  0:26  Probe (Chrono Boost)  
  15  0:42  Probe (Chrono Boost)  
  16  0:44  Gateway  
  16  0:57  Gateway  
  16  0:59  Probe (Chrono Boost)  
  17  1:08  Forge  
  17  1:16  Pylon  
  17  1:23  Assimilator  
  17  1:28  Assimilator  
  17  1:32  Pylon  
  17  1:37  Zealot  
  19  1:41  Probe (Chrono Boost)  
  20  1:47  Zealot  
  22  1:59  Cybernetics Core  
  22  2:03  Probe (Chrono Boost)  
  23  2:12  Zealot  
  25  2:19  Zealot  
  27  2:32  Protoss Ground Weapons Level 1 (Chrono Boost)  
  27  2:34  Probe  
  27  2:36  Warp Gate  
  28  2:49  Twilight Council  
  28  2:53  Probe  
  29  3:17  Zealot x2  
  31  3:38  Probe  
  32  3:49  Stalker x2  
  32  3:51  Probe  
  32  3:54  Dark Shrine  
  37  4:03  Probe  
  38  4:15  Probe  
  33  5:06  Dark Templar  
  35  5:07  Nexus  
  35  5:11  Dark Templar  
Show
View Real Time Build Order
Export as new Build Order

Lenbot Protoss - Winner!

Build Orders:  

Get SALT Encoding   

  12  0:03  Probe (Chrono Boost)  
  13  0:13  Probe (Chrono Boost)  
  14  0:19  Pylon  
  14  0:36  Pylon  
  15  0:43  Probe (Chrono Boost)  
  15  0:53  Probe (Chrono Boost)  
  16  1:01  Gateway  
  16  1:06  Forge  
  16  1:12  Probe (Chrono Boost)  
  16  1:13  Assimilator  
  17  1:23  Probe (Chrono Boost)  
  18  1:33  Pylon  
  18  1:38  Pylon  
  18  1:44  Assimilator  
  18  1:59  Cybernetics Core  
  18  2:21  Photon Cannon  
  18  2:25  Photon Cannon  
  18  2:29  Photon Cannon  
  18  2:33  Probe (Chrono Boost)  
  19  2:44  Stargate, Probe (Chrono Boost)  
  20  2:55  Probe (Chrono Boost)  
  21  3:05  Stargate  
  21  3:06  Probe (Chrono Boost)  
  22  3:17  Mothership Core (Chrono Boost)  
  24  3:45  Nexus  
  24  3:53  Pylon  
  24  4:00  Probe (Chrono Boost)  
  25  4:31  Photon Cannon  
  25  4:34  Pylon  
  25  4:35  Void Ray (Chrono Boost)  
  25  4:36  Assimilator  
  29  4:40  Assimilator, Probe  
  30  4:56  Photon Cannon  
  30  4:58  Probe (Chrono Boost)  
  31  5:06  Probe (Chrono Boost)  
  36  5:26  Probe (Chrono Boost)  
  36  5:28  Probe (Chrono Boost)  
  38  5:38  Probe (Chrono Boost)  
Show
View Real Time Build Order
Export as new Build Order

TheJamaican Terran - Winner!

Build Orders:  

Get SALT Encoding   

  12  0:01  SCV  
  13  0:17  Supply Depot  
  13  0:19  SCV  
  14  0:33  SCV  
  15  0:41  Barracks  
  15  0:48  Refinery  
  15  0:52  Refinery, SCV  
  16  1:09  SCV  
  16  1:10  Barracks  
  17  1:21  SCV  
  18  1:32  Supply Depot  
  18  1:36  SCV  
  19  1:45  Barracks Reactor  
  19  1:51  SCV  
  20  2:09  Orbital Command  
  20  2:14  Barracks Reactor  
  20  2:23  Reaper x2  
  22  2:44  Command Center  
  22  2:53  Reaper x2  
  22  2:55  Reaper  
  22  2:57  Reaper  
  26  3:02  SCV  
  27  3:16  Factory  
  27  3:22  Barracks  
  26  5:46  Factory Tech Lab  
  26  5:52  Barracks Tech Lab  
  26  5:53  Starport  
Show
View Real Time Build Order
Export as new Build Order

nibalizer Terran - Winner!

Build Orders:  

Get SALT Encoding   

  12  0:03  SCV  
  13  0:15  SCV  
  14  0:28  Supply Depot, SCV  
  15  0:49  SCV  
  16  0:51  Refinery, Barracks  
  16  1:00  Refinery  
  16  1:01  SCV  
  17  1:16  Supply Depot  
  17  1:20  SCV  
  18  1:26  Barracks  
  18  1:35  SCV  
  19  1:47  Reaper  
  20  1:56  SCV  
  21  2:08  SCV  
  22  2:19  Reaper  
  23  2:23  Reaper  
  23  2:24  Orbital Command  
  24  2:38  Supply Depot  
  24  2:51  Reaper  
  25  3:01  Factory  
  25  3:03  Barracks Tech Lab  
  25  3:58  Factory Reactor  
  25  4:01  SCV  
  25  4:02  Starport  
  26  4:04  Marine x2  
  26  4:05  Engineering Bay  
  28  4:11  Starport, Barracks  
  28  4:13  SCV  
  29  4:22  Marine x2  
  31  4:40  Marine x2  
  33  4:46  Liberator  
  33  4:58  Marine  
  37  5:10  Supply Depot  
  37  5:11  Supply Depot  
  37  5:12  Supply Depot  
Show
View Real Time Build Order
Export as new Build Order

Botanic Protoss 

Build Orders:  

Get SALT Encoding   

  12  0:03  Probe (Chrono Boost)  
  14  0:14  Probe (Chrono Boost)  
  14  0:31  Pylon  
  14  0:38  Probe (Chrono Boost)  
  15  0:52  Forge  
  15  1:01  Gateway  
  15  1:08  Probe (Chrono Boost)  
  15  1:10  Assimilator  
  16  1:19  Probe (Chrono Boost)  
  17  1:29  Photon Cannon  
  17  1:38  Assimilator  
  17  1:40  Probe (Chrono Boost)  
  18  1:51  Probe (Chrono Boost)  
  19  2:01  Probe (Chrono Boost)  
  20  2:09  Nexus  
  20  2:12  Probe (Chrono Boost)  
  21  2:16  Cybernetics Core  
  22  2:23  Probe (Chrono Boost)  
  22  2:35  Probe (Chrono Boost)  
  23  2:46  Pylon  
  23  2:53  Pylon  
  23  3:04  Probe (Chrono Boost)  
  24  3:14  Probe (Chrono Boost)  
  24  3:17  Stargate  
  25  3:21  Pylon  
  25  3:25  Probe (Chrono Boost)  
  19  3:35  Probe (Chrono Boost)  
  15  4:02  Photon Cannon  
  15  4:05  Photon Cannon  
  15  4:06  Probe (Chrono Boost)  
  17  4:17  Probe (Chrono Boost)  
  17  4:22  Probe (Chrono Boost)  
  18  4:27  Probe (Chrono Boost)  
  19  4:33  Probe (Chrono Boost)  
  19  4:38  Probe (Chrono Boost)  
  21  4:43  Probe (Chrono Boost)  
  22  4:48  Probe (Chrono Boost)  
Show
View Real Time Build Order
Export as new Build Order

KIDboy Zerg 

Build Orders: Pool First 

Get SALT Encoding   

  12  0:06  Drone  
  13  0:16  Drone  
  14  0:25  Extractor  
  13  0:31  Drone x2, Extractor  
  13  0:34  Overlord  
  15  0:57  Drone x2  
  16  1:05  Drone  
  17  1:16  Drone  
  18  1:27  Drone  
  18  1:32  Spawning Pool  
  19  1:47  Drone  
  19  1:53  Hatchery  
  18  2:01  Drone x2  
  20  2:12  Overlord  
  20  2:21  Drone  
  21  2:48  Lair  
  21  2:52  Drone  
  21  2:53  Drone x2  
  24  3:13  Zergling x2  
  24  3:15  Zergling x2  
  26  3:20  Drone x2  
  26  3:25  Overlord  
  26  3:55  Hatchery  
  26  4:01  Hydralisk Den  
  24  4:05  Overseer  
  24  4:16  Overlord  
  22  4:35  Zergling x2  
  22  4:36  Zergling x4  
Show
View Real Time Build Order
Export as new Build Order

vinny Terran 

Build Orders:  

Get SALT Encoding   

  12  0:05  SCV  
  13  0:15  Supply Depot  
  13  0:20  SCV  
  14  0:39  Barracks  
  14  0:48  Barracks  
  14  1:37  Command Center  
  14  1:41  Marine x2  
  16  1:53  Supply Depot  
  16  1:57  SCV  
  17  2:04  Refinery  
  17  2:09  Refinery  
  17  2:10  SCV  
  18  2:17  Marine x2  
  20  2:26  Barracks  
  20  2:35  Marine x2  
  22  2:45  SCV  
  23  2:55  SCV  
  23  2:57  SCV  
  25  3:07  SCV  
  25  3:09  SCV  
  27  3:16  Marine x3  
  30  3:34  Marine x3  
  33  3:52  Marine x3  
  36  4:12  Factory  
  36  4:18  Factory  
  36  4:24  SCV  
  36  4:25  Factory  
  36  4:28  SCV  
  38  4:36  SCV  
  39  4:40  SCV  
Show
View Real Time Build Order
Export as new Build Order

Musa Terran 

Build Orders: Command Center First (CC) 

Get SALT Encoding   

  12  0:03  SCV  
  13  0:15  SCV  
  14  0:27  SCV  
  15  0:30  Supply Depot  
  15  0:52  SCV  
  16  1:04  SCV  
  17  1:16  SCV  
  18  1:27  Command Center  
  18  1:28  SCV  
  19  1:35  Engineering Bay  
  19  1:51  Barracks  
  19  1:53  Refinery, SCV  
  20  2:02  Supply Depot  
  20  2:05  SCV  
  21  2:17  Barracks  
  21  2:18  SCV  
  22  2:50  SCV  
  23  2:57  Missile Turret  
  23  3:02  SCV  
  24  3:14  SCV  
  24  3:18  Missile Turret  
  24  3:19  Refinery  
  25  3:25  Marine x2  
  25  3:26  SCV  
  28  3:43  Marine x2  
  25  3:58  Bunker  
  25  4:00  Marine  
  25  4:01  Marine  
  16  4:18  Marine x2  
  7  4:36  Marine x2  
Tags
 
Add a new tag
Caveats
  • Supply blocks, unpowered buildings, or Contaminate may cause inaccurate times.
  • Supply counts are checked every 10 seconds.